 Dungeon Crawl Stone Soup version 0.27-a0-1188-g73eefd5def (webtiles) character file.

Game seed: 1534914088488418872

118 leviel the Skirmisher (level 5, -2/41 HPs)
             Began as a Djinni Berserker on May 21, 2021.
             Was a Believer of Trog.
             Slain by an orc
             ... wielding a +0 mace
              (6 damage)
             ... on level 3 of the Dungeon.
             The game lasted 00:01:59 (1593 turns).

leviel the Skirmisher (Djinni Berserker)            Turns: 1593, Time: 00:02:00

Health: -2/41      AC:  4    Str: 17    XL:     5   Next: 23%
Gold:   120        EV: 12    Int:  9    God:    Trog [**....] SH:  0 Dex: 12

rFire    + + .     SeeInvis .   a - +0 spear
rCold    x . .     Faith    .   (no shield)
rNeg     . . .     Spirit   .   b - +0 animal skin
rPois    ∞         Reflect  .   d - +0 helmet
rElec    .         Harm     .   (no cloak)
rCorr    .         Rampage  .   c - +0 pair of gloves
Will     .....                  (boots unavailable)
Stlth    +.........             (no amulet)
HPRegen  0.13/turn              (no ring)
MPRegen  0.00/turn              (no ring)

@: on berserk cooldown, flying, slowed, very slow
A: sickness immunity, fire resistance 2, cold vulnerability 1, float, innate
caster, hp casting, extra vitality 1
a: Renounce Religion, Berserk, Trog's Hand


You were on level 3 of the Dungeon.
You worshipped Trog.
Trog was pleased with you.
You visited 1 branch of the dungeon, and saw 3 of its levels.

You collected 120 gold pieces.

Inventory:

Hand Weapons
 a - a +0 spear (weapon)
Missiles
 m - 2 atropa-tipped darts
Armour
 b - a +0 animal skin (worn)
 c - a +0 pair of gloves (worn)
 d - a +0 helmet (worn)
Wands
 f - a wand of charming (10)
Scrolls
 e - 2 scrolls of identify {unknown}
 h - a scroll of teleportation {unknown}
 i - a scroll of brand weapon {unknown}
 k - a scroll of noise {unknown}
 l - a scroll of fog {unknown}
Potions
 j - a potion of degeneration {unknown}


   Skills:
 + Level 3.7 Fighting
 + Level 3.5 Polearms
 + Level 2.1 Armour
 + Level 3.1 Dodging
 + Level 0.7 Stealth


You had one spell level left.
You knew the following spells:

 Your Spells              Type           Power      Damage    Failure   Level
a - Shock                 Conj/Air       0%         1d3       38%         1
b - Ensorcelled Hibernat  Hex/Ice        0%         N/A       52%         2
Your spell library was empty.

Dungeon Overview and Level Annotations

Branches:
Dungeon (3/15)

Altars:


Innate Abilities, Weirdness & Mutations

You are immune to sickness and miasma.
You are immune to poison.
Your flesh is very heat resistant. (rF++)
You are vulnerable to cold. (rC-)
You float through the air rather than walking.
You learn spells naturally, not from books.
Your magical power is your life essence.
You have superior vitality. (+4 HP)


Message History

The orc is heavily wounded.
The orc hits you but does no damage. The orc closely misses you.
The orc barely misses you.
Unknown command.
You hit the orc.
The orc is heavily wounded.
The orc barely misses you. The orc hits you with a +0 mace.
* * * LOW HITPOINT WARNING * * *
The orc hits you with a +0 whip.
* * * LOW HITPOINT WARNING * * *
The orc hits you with a +0 club.
* * * LOW HITPOINT WARNING * * *
It was a potion of ambrosia.
You are confused.
You feel invigorated. The orc closely misses you.
The orc hits you with a +0 whip.
* * * LOW HITPOINT WARNING * * *
The orc completely misses you. The orc barely misses you. The orc misses you.
You hit the orc but do no damage. The orc misses you. x2
The orc barely misses you. The orc closely misses you.
You feel less invigorated.
You feel less confused. The orc hits you but does no damage.
You see here 24 stones.
You hit the orc.
You kill the orc!
Trog accepts your kill. The orc barely misses you.
You closely miss the orc. The orc misses you. The orc barely misses you.
The orc hits you but does no damage.
You hit the orc but do no damage. The orc hits you but does no damage.
The orc hits you with a +0 whip. The orc closely misses you.
You closely miss the orc. The orc hits you with a +0 whip.
* * * LOW HITPOINT WARNING * * *
The orc hits you with a +0 mace!
* * * LOW HITPOINT WARNING * * *
You hit the orc.
The orc is moderately wounded.
The orc misses you. The orc hits you with a +0 mace.
You die...

.....##.#####.....#.#
.....##.# #.....'.#
......#.# ##....###
....#.#.# #....#
....#.#.# #....#
....#.#.# #....#
....#...# #....#
........# #.oo.#
........# #..@.#
.......># #....#
.......## ######
..###### ..# ..# ..#


You could see 2 orcs.

Vanquished Creatures
  A bullfrog (D:3)
  2 adders (D:2)
  A dart slug (D:1)
  An orc (D:3)
  3 ball pythons (D:2)
  A giant cockroach (D:2)
  4 goblins
  3 hobgoblins (D:1)
  3 jackals (D:1)
  A quokka (D:1)
  6 bats
  2 frilled lizards (D:2)
  4 kobolds
  2 rats
34 creatures vanquished.

Notes
Turn   | Place    | Note
-------+----------+-------------------------------------------
     0 | D:1      | leviel the Djinni Berserker began the quest for the Orb.
     0 | D:1      | Reached XP level 1. HP: 20/20 MP: 0/0
   213 | D:1      | Reached XP level 2. HP: 25/25 MP: 0/0
   785 | D:2      | Reached XP level 3. HP: 29/30 MP: 0/0
   785 | D:2      | Learned a level 1 spell: Shock
   945 | D:2      | Reached ** piety under Trog
  1057 | D:2      | Found a faded altar of an unknown god.
  1149 | D:2      | Reached XP level 4. HP: 31/35 MP: 0/0
  1545 | D:3      | Noticed a bullfrog
  1563 | D:3      | Killed a bullfrog
  1564 | D:3      | Reached XP level 5. HP: 26/41 MP: 0/0
  1564 | D:3      | Learned a level 2 spell: Ensorcelled Hibernation
  1585 | D:3      | HP: 1/41 [orc/+0 club (2)]
  1593 | D:3      | Slain by an orc

Illustrated notes

Levels and vault maps discovered:
D:1:      ncdulo_smallfort, layout_basic
D:2:      layout_loops_ring, basic_ecumenical_altar, minmay_misc_feat_hallway,
          minmay_misc_feat_four_crosses, grunt_ministairs_15
D:3:      layout_basic, grunt_temple_overflow_opulence,
          gammafunk_temple_overflow_claw, minmay_cupped

Skill      XL: |  1  2  3  4 |
---------------+-------------+-----
Polearms       | 3 |  3.5
Dodging        | 3 |  3.1
Fighting       | |  3.7
Armour         | |  2.1
Stealth        | |  0.7

Action                   |  1- 3 |  4- 6 || total
-------------------------+-------+-------++-------
Melee: Spear             |   104 |    36 ||   140
Invok: Berserk           |       |     1 ||     1
  Use: Potion            |       |     1 ||     1
 Stab: Sleeping          |     2 |     1 ||     3
Armor: Animal skin       |    19 |    10 ||    29
Dodge: Dodged            |    49 |    24 ||    73

Table legend: (Time is in decaauts)
 A = Elapsed time spent in this place.
 B = Non-inter-level travel time spent in this place.
 C = Inter-level travel time spent in this place.
 D = Time resting spent in this place.
 E = Time spent auto-exploring this place.
 F = Levels seen in this place.
 G = Mean time per level.
                   A        B        C        D        E       F      G
               +--------+--------+--------+--------+--------+-----+--------+
         Total |   1590 |   1533 |     57 |      0 |   1273 |   3 |  530.0 |
       Dungeon |   1590 |   1533 |     57 |      0 |   1273 |   3 |  530.0 |
               +--------+--------+--------+--------+--------+-----+--------+

Top non-repeatable levels by time:
     D:2: 780 daAuts
     D:1: 708 daAuts
     D:3: 101 daAuts
